 Dungeon Crawl Stone Soup version 0.31.0-12-g77e489cdc1 (webtiles) character file.

Game seed: 8848187216855037972

33747 Gadfly the Basher (level 13, -2/139 HPs)
             Began as an Oni Berserker on Feb 15, 2024.
             Was the Champion of Trog.
             Killed from afar by a lindwurm (36 damage)
             ... with a blast of flame
             ... summoned by Kirke
             ... on level 4 of the Lair of Beasts.
             The game lasted 00:34:51 (17761 turns).

Gadfly the Basher (Oni Berserker)                  Turns: 17761, Time: 00:34:52

Health: -2/139     AC:  0    Str: 26    XL:     13   Next: 73%
Magic:  13/13      EV: 18    Int:  8    God:    Trog [******]
Gold:   554        SH:  0    Dex: 10    Spells: 12/12 levels left

rFire   . . .        a - melded +7 eveningstar
rCold   . . .        (shield currently unavailable)
rNeg    . . .        u - melded +0 swamp dragon scales
rPois   .            (helmet currently unavailable)
rElec   .            o - melded +0 cloak
rCorr   .            (gloves unavailable)
SInv    .            (boots unavailable)
Will    +....        E - amulet of regeneration
Stlth   +            y - melded ring of Coohenaa {*Slow rF++ rCorr EV+5 SInv}
HPRegen 1.23/turn    A - melded ring of Daschourph {Fire rPois Str+5 Stlth-}
MPRegen 0.13/turn

%: no passive effects
@: pig-form, slowed
A: fast, no casting, small, unfitting armour, (horns 1), (tough skin 1), double
potion healing, drunken brawling
a: Renounce Religion, Berserk, Trog's Hand, Brothers in Arms


You were on level 4 of the Lair of Beasts.
You worshipped Trog.
Trog was exalted by your worship.
You were a filthy swine.
You visited 3 branches of the dungeon, and saw 16 of its levels.

You collected 710 gold pieces.
You spent 156 gold pieces at shops.

Inventory:

Hand Weapons
 a - a +7 eveningstar (melded)
 b - a +4 antimagic executioner's axe
 x - a +4 scimitar of flaming
Armour
 o - a +0 cloak (melded)
 t - a +1 robe of cold resistance
 u - +0 swamp dragon scales (melded)
 D - a +0 robe of willpower
Jewellery
 j - a ring of resist corrosion
 m - a ring of positive energy
 w - the ring of Kahasal {rElec rC+ Str+3 Dex+3}
   (You took it off a centaur warrior on level 8 of the Dungeon)

   [ring of protection from cold]

   Str+3:     It affects your strength (+3).
   Dex+3:     It affects your dexterity (+3).
   rC+:       It protects you from cold.
   rElec:     It insulates you from electricity.
 y - the ring of Coohenaa (melded) {*Slow rF++ rCorr EV+5 SInv}
   (You took it off a kobold demonologist on level 8 of the Dungeon)

   [ring of evasion]

   EV+5:      It affects your evasion (+5).
   rF++:      It greatly protects you from fire.
   SInv:      It lets you see invisible.
   rCorr:     It protects you from acid and corrosion.
   *Slow:     It may slow you when you take damage.
 z - a ring of protection from cold
 A - the ring of Daschourph (melded) {Fire rPois Str+5 Stlth-}
   (You took it off an orc wizard on level 8 of the Dungeon)

   [ring of fire]

   Fire:      It enhances your fire magic.
   Str+5:     It affects your strength (+5).
   rF+:       It protects you from fire.
   rC-:       It makes you vulnerable to cold.
   rPois:     It protects you from poison Stlth-: It makes you less stealthy.
 E - an amulet of regeneration (around neck)
Wands
 f - a wand of flame (15) (quivered)
 k - a wand of iceblast (5)
 I - a wand of charming (1)
 J - a wand of mindburst (3)
Scrolls
 c - a scroll of immolation
 i - a scroll of enchant armour
 p - 2 scrolls of silence
 q - 3 scrolls of poison
 r - 7 scrolls of identify
 C - 3 scrolls of teleportation
 G - a scroll of torment
Potions
 d - 2 potions of might
 e - a potion of magic
 g - 4 potions of lignification
 h - a potion of attraction
 l - a potion of resistance
 n - a potion of enlightenment
 s - a potion of mutation
 v - a potion of haste
 B - a potion of curing
 F - 2 potions of cancellation
 H - 2 potions of heal wounds
 K - a potion of ambrosia


   Skills:
 + Level 11.8 Fighting
 * Level 12.5 Maces & Flails
 * Level 1.7 Armour
 * Level 11.3 Dodging
 * Level 11.3 Evocations


You had 12 spell levels left.
You didn't know any spells.
Your spell library was empty.

Dungeon Overview and Level Annotations

Branches:
Dungeon (11/15)            Temple (1/1) D:5            Lair (4/5) D:9
 Shoals (0/4) Lair:3       Spider (0/4) Lair:3          Orc (0/2) D:11
  Slime: Lair:4-5

Altars:
Ashenzari
Cheibriados
Dithmenos
Elyvilon
Fedhas
Gozag
Hepliaklqana
Kikubaaqudgha
Makhleb
Nemelex Xobeh
Okawaru
Qazlal
Ru
Sif Muna
Trog
Uskayaw
Vehumet
Wu Jian
Xom
Yredelemnul
Zin
The Shining One

Shops:
D:1 :   D:2 !   D:3 :!

Annotations:
Lair:4 Kirke


Innate Abilities, Weirdness & Mutations

You are a filthy swine.
You move quickly.
Your equipment is almost entirely melded.
You are incapable of wielding weapons or throwing items.
You cannot cast spells.
You are too large for most types of armour.
((You have a pair of small horns on your head.))
((You have tough skin. (AC +1)))
You gain doubled healing and magic from potions.
Whenever you drink a healing potion, you attack all around you.


Message History

A nearby fungus withers and dies.
The hog barely misses you. Kirke hits you. The lindwurm breathes flames at you.
The blast of flame hits you. You resist.
You closely miss Kirke. You headbutt Kirke.
Kirke is heavily wounded.
The hog closely misses you. Kirke casts a spell at you.
You feel yourself slow down. The lindwurm completely misses you.
The lindwurm claws you. The lindwurm closely misses you.
Unknown command.
You sock Kirke! Your headbutt misses Kirke.
Kirke is severely wounded.
The hog bites you!
Kirke says, "Can we stop fighting?
I have some good wine for you..." Kirke hits you but does no damage.
The lindwurm misses you. The lindwurm closely misses you.
The lindwurm claws you but does no damage.
The hog barely misses you.
You bludgeon Kirke!!
Kirke is almost dead.
The hog bites you but does no damage. Kirke casts a spell at you.
You turn into a filthy swine.
Your +7 eveningstar melds into your body.
Your +0 cloak melds into your body.
Your +0 swamp dragon scales melds into your body.
The ring of Coohenaa {*Slow rF++ rCorr EV+5 SInv} melds into your body.
The ring of Daschourph {Fire rPois Str+5 Stlth-} melds into your body.
The lindwurm bites you!! The lindwurm claws you. x2
You bite Kirke!
Kirke is almost dead.
The hog bites you. Kirke hits you. The lindwurm misses you.
The lindwurm claws you!
* * * LOW HITPOINT WARNING * * *
The lindwurm closely misses you. The hog barely misses you.
Kirke casts a spell.
Kirke summons a lindwurm!
The lindwurm breathes flames at you. The blast of flame hits you!!!
You die...

#P...##.........#####
### ..#
##...............#..#.#
.P
##.................... .
#.........<..........
#P..>..................
##..##...#............
#..##..###.....hF.#.#
#P.###..##.....k@##.#
#..#.....#.....hh##.####
#..##...........k#.....#
#..##...P........'.....#
##.#.##..#.......##.....
#...###.###........#...#
#...#.÷.##.......### ###
#.....÷..........#.#+
#............<........
##....................


You could see Kirke, 2 lindwurms, 2 hogs and a bullfrog.

Vanquished Creatures
  2 hydras
  A centaur warrior (D:8)
  A catoblepas (Lair:3)
  A two-headed ogre (D:8)
  A skyshark (Lair:2)
  A lindwurm (Lair:3)
  Pikel (D:6)
  2 black mambas
  A gargoyle (D:8)
  5 elephants (Lair:2)
  A torpor snail (Lair:3)
  A water nymph (Lair:3)
  6 cane toads
  A kobold demonologist (D:8)
  6 komodo dragons
  5 rime drakes
  An efreet (D:8)
  A troll (D:10)
  5 polar bears
  3 blink frogs (Lair:2)
  2 hornets (D:8)
  Prince Ribbit (D:6)
  2 shadows
  6 wyverns
  3 vampires
  3 hogs
  3 basilisks
  55 yaks
  3 steam dragons
  Menkaure (D:6)
  2 acid dragons
  11 water moccasins
  4 ice beasts
  6 orc warriors
  A sky beast (D:7)
  2 black bears
  An ogre (D:6)
  12 wolves
  6 centaurs
  6 kobold brigands
  A phantom (D:4)
  11 bullfrogs
  2 scorpions
  10 wights
  5 killer bees (D:10)
  2 electric eels
  6 howler monkeys
  A crimson imp (D:5)
  4 jellies
  4 orc priests
  A bombardier beetle (D:3)
  A sleepcap (D:7)
  3 hell rats (Lair:3)
  17 orc wizards
  A gnoll bouda (D:8)
  4 iguanas
  11 gnolls
  6 adders
  6 river rats (Lair:3)
  A shadow imp (D:7)
  5 white imps
  3 dart slugs
  A ribbon worm (D:4)
  41 orcs
  5 ball pythons
  2 endoplasms (D:3)
  4 giant cockroaches
  4 hobgoblins
  14 jackals
  A quokka (D:4)
  9 bats
  5 frilled lizards
  12 goblins
  42 kobolds
  6 rats
427 creatures vanquished.

Vanquished Creatures (others)
  A water moccasin (Lair:2)
  A scorpion (D:6)
2 creatures vanquished.

Grand Total: 429 creatures vanquished

Notes
Turn   | Place    | Note
-------+----------+-------------------------------------------
     0 | D:1      | Gadfly the Oni Berserker began the quest for the Orb.
     0 | D:1      | Reached XP level 1. HP: 24/24 MP: 1/1
   122 | D:1      | Reached XP level 2. HP: 11/32 MP: 2/2
   508 | D:1      | Reached ** piety under Trog
   509 | D:1      | Reached XP level 3. HP: 37/39 MP: 3/3
   550 | D:1      | Found Purider's Book Shop.
   571 | D:1      | Reached skill level 1 in Evocations
  1105 | D:2      | Found Wamust's Distillery.
  1148 | D:2      | Reached XP level 4. HP: 49/49 MP: 4/4
  1152 | D:2      | Bought a potion of curing for 39 gold pieces
  1886 | D:3      | Reached XP level 5. HP: 55/55 MP: 5/5
  2008 | D:3      | Reached *** piety under Trog
  2042 | D:3      | Reached skill level 4 in Maces & Flails
  2098 | D:3      | Found Pinkuv's Distillery.
  2117 | D:3      | Bought a potion of lignification for 39 gold pieces
  2444 | D:3      | Found Neaffina's Book Shoppe.
  2623 | D:3      | Found a sparkling altar of Nemelex Xobeh.
  2820 | D:4      | Noticed a phantom
  2831 | D:4      | Killed a phantom
  2832 | D:4      | Reached skill level 5 in Fighting
  2832 | D:4      | Reached XP level 6. HP: 53/66 MP: 6/6
  3693 | D:5      | Entered Level 5 of the Dungeon
  3714 | D:5      | Noticed an ice beast
  3726 | D:5      | Killed an ice beast
  3937 | D:5      | Reached XP level 7. HP: 17/72 MP: 7/7
  4265 | D:5      | Found an opulent altar of Gozag.
  4292 | D:5      | Found a staircase to the Ecumenical Temple.
  4300 | D:5      | Reached skill level 5 in Maces & Flails
  4307 | Temple   | Entered the Ecumenical Temple
  4520 | D:5      | Found a shadowy altar of Dithmenos.
  5410 | D:6      | Noticed Menkaure
  5414 | D:6      | Killed Menkaure
  5415 | D:6      | Reached skill level 5 in Dodging
  5415 | D:6      | Reached XP level 8. HP: 80/83 MP: 8/8
  5507 | D:6      | Found a white marble altar of Elyvilon.
  5533 | D:6      | Noticed Pikel
  5543 | D:6      | Killed Pikel
  5544 | D:6      | Reached skill level 6 in Maces & Flails
  5853 | D:6      | Noticed Prince Ribbit
  5860 | D:6      | Reached skill level 5 in Evocations
  6103 | D:6      | HP: 3/83 [water moccasin (3)]
  6405 | D:6      | Reached XP level 9. HP: 61/89 MP: 9/9
  6582 | D:6      | Killed Prince Ribbit
  6970 | D:7      | Reached **** piety under Trog
  7039 | D:7      | Found an ornate altar of the Wu Jian Council.
  7165 | D:7      | Reached skill level 7 in Maces & Flails
  7986 | D:8      | Noticed a polar bear
  8227 | D:8      | Noticed an efreet
  8231 | D:8      | Killed an efreet
  8337 | D:8      | Identified the ring of Coohenaa {*Slow rF++ rCorr EV+5
                  | SInv}
  8337 | D:8      | Noticed a kobold demonologist
  8347 | D:8      | Noticed an orange demon
  8349 | D:8      | Killed a kobold demonologist
  8350 | D:8      | Reached XP level 10. HP: 49/98 MP: 10/10
  8458 | D:8      | Noticed a gargoyle
  8483 | D:8      | Killed a gargoyle
  8655 | D:8      | Reached skill level 8 in Maces & Flails
  8860 | D:8      | Identified the ring of Kahasal {rElec rC+ Str+3 Dex+3}
  8860 | D:8      | Noticed a centaur warrior
  9094 | D:8      | Killed a centaur warrior
  9299 | D:8      | Identified the ring of Daschourph {Fire rPois Str+5 Stlth-}
  9333 | D:8      | Noticed a two-headed ogre
  9343 | D:8      | Identified the ring of Sioracec {rCorr Int+6}
  9355 | D:8      | Killed a two-headed ogre
  9842 | D:8      | Paralysed by a hornet for 2 turns
  9845 | D:8      | Paralysed by a hornet for 1 turns
 10699 | D:8      | Reached skill level 9 in Maces & Flails
 10699 | D:8      | Reached XP level 11. HP: 58/105 MP: 11/11
 10813 | D:8      | Reached ***** piety under Trog
 11503 | D:9      | Received a gift from Trog
 11550 | D:9      | Found a hazy altar of Hepliaklqana.
 11550 | D:9      | Found a shimmering altar of Xom.
 11550 | D:9      | Found a stormy altar of Qazlal.
 11831 | D:9      | Identified the +4 trident "Jiysch" {freeze, *Noise Str+6}
 11989 | D:9      | Found a staircase to the Lair.
 12631 | D:10     | Entered Level 10 of the Dungeon
 13372 | D:11     | Found a staircase to the Orcish Mines.
 13409 | D:11     | Reached skill level 10 in Evocations
 13414 | D:11     | HP: 4/109 [something (8)]
 13655 | D:2      | Bought a potion of curing for 39 gold pieces
 13655 | D:2      | Bought a potion of curing for 39 gold pieces
 13813 | Lair:1   | Entered Level 1 of the Lair of Beasts
 13978 | Lair:1   | Reached skill level 10 in Maces & Flails
 13978 | Lair:1   | Reached XP level 12. HP: 48/122 MP: 12/12
 14143 | Lair:1   | Received a gift from Trog
 14275 | Lair:1   | Reached skill level 10 in Dodging
 14839 | Lair:1   | Reached skill level 10 in Fighting
 15117 | Lair:2   | Noticed a six-headed hydra
 15117 | Lair:2   | Noticed a skyshark
 15318 | Lair:2   | Killed a skyshark
 15335 | Lair:2   | You fall into a shaft and drop 2 floors!
 15359 | Lair:4   | Reached skill level 11 in Maces & Flails
 15631 | Lair:3   | Reached XP level 13. HP: 52/135 MP: 13/13
 16148 | Lair:2   | Reached skill level 12 in Maces & Flails
 16784 | Lair:3   | Found a hole to the Spider Nest.
 17143 | Lair:3   | Reached skill level 1 in Armour
 17420 | Lair:4   | Reached ****** piety under Trog
 17570 | Lair:4   | Noticed Kirke
 17761 | Lair:4   | Killed from afar by a lindwurm

Illustrated notes

Levels and vault maps discovered:
D:1:      dpeg_arrival_brainrot, layout_loops_ring, serial_shops,
          nicolae_shop_statue_plus, minmay_octomino_e4
D:2:      layout_rooms, serial_shops, shop, minmay_tall_x
D:3:      layout_loops_ring, nemelex_diamond_rough_becter, serial_shops, shop,
          shop_statue, chequers_serial_rivers_micro_b, minmay_starry_boxes
D:4:      layout_rooms, serial_co_window_serial, co_window_paths_b,
          co_window_corner_a, co_window_of_opportunity_a, co_window_cross_1,
          co_window_corner_a, co_window_2corner, co_window_broadway_a,
          co_window_corner_b, co_window_sun, glass_columns_a, glass_columns_c,
          glass_columns_b, glass_columns_a, glass_columns_b,
          hangedman_abyss_or_decor_stabs
D:5:      layout_basic, grunt_dithmenos_smoke_and_mirrors,
          mainiacjoe_overflow_catwalk, minmay_temple_entry_glass,
          minmay_fire_ice_demons
D:6:      layout_cave_pods, lemuel_doored_altar, serial_glass, glass_columns_c,
          glass_columns_a, feat_on_display, feat_on_display, feat_on_display,
          item_on_display_a, uniq_menkaure, uniq_prince_ribbit1, uniq_pikel
D:7:      layout_cave_pods, mainiacjoe_overflow_alcove_1
D:8:      minmay_the_grid_triangle_9x9_recursive_2
          [minmay_the_grid_triangle_9x9_prize_special,
          minmay_the_grid_triangle_9x9_limited_checkers,
          minmay_the_grid_triangle_9x9_corruption,
          minmay_the_grid_triangle_9x9_skeleton], layout_gridville, serial_ice,
          serial_ice_a, serial_ice_i, serial_ice_n, serial_ice_c
D:9:      layout_layer_cave, chequers_temple_overflow_statue_of_worship,
          erik_lair_orcish_takeover
D:10:     layout_basic
D:11:     layout_loops_ring, david_orc_3, nicolae_looking_at_the_future,
          uniq_lodul
Temple:   zaba_magenta_temple
Lair:1:   layout_cave_pods, beast_lair_carwin_2, grunt_megastairs_1
Lair:2:   layout_hall_layers, grunt_megastairs_3, infiniplex_staircase_pool_2,
          serial_bayou_shore_a
Lair:3:   layout_loops_ring, nicolae_shoals_entry_flooding,
          spider_nest_entry_web_field, kennysheep_abandoned_house
Lair:4:   layout_regular_city, uniq_kirke

Skill      XL: |  1  2  3  4  5  6  7  8  9 10 11 12 13 |
---------------+----------------------------------------+-----
Dodging        | 3 4 5 7 8 9 10 11 | 11.3
Evocations     | 1 2 3 5 7 9 10 11 | 11.3
Maces & Flails | 4 5 6 7 9 10 11 12 | 12.5
Fighting       | 5 8 10 11 | 11.8
Armour         | 1 |  1.7

Action                     |  1- 3 |  4- 6 |  7- 9 | 10-12 | 13-15 || total
---------------------------+-------+-------+-------+-------+-------++-------
  Melee: Mace              |    91 |   166 |   148 |   195 |       ||   600
         Headbutt          |    11 |    20 |    28 |   115 |    46 ||   220
         Punch             |       |     1 |     1 |     3 |     3 ||     8
         Whip              |       |       |    24 |       |       ||    24
         Eveningstar       |       |       |       |   357 |   209 ||   566
         Morningstar       |       |       |       |    73 |       ||    73
         Unarmed           |       |       |       |       |    26 ||    26
         Scimitar          |       |       |       |       |    12 ||    12
 Invoke: Berserk           |     1 |     1 |       |     4 |       ||     6
  Evoke: Wand              |       |       |     1 |     9 |     7 ||    17
    Use: Scroll            |     4 |     8 |     7 |     7 |     1 ||    27
         Potion            |     2 |     2 |     5 |     4 |     1 ||    14
   Stab: Distracted        |       |       |     1 |       |       ||     1
 Armour: Animal skin       |   113 |   138 |   211 |   248 |       ||   710
         Skin              |       |       |    21 |    42 |    26 ||    89
         Robe              |       |       |       |   100 |       ||   100
         Swamp dragon scal |       |       |       |   244 |   223 ||   467
  Dodge: Dodged            |    76 |   115 |   145 |   595 |   220 ||  1151
